 Dungeon Crawl Stone Soup version 0.26.1-11-gd32895ea62 (webtiles) character file.

Game seed: 16642960037471345038

578 jlumianski the Magician (level 7, 0/27 HPs)
             Began as a Felid Summoner on May 21, 2021.
             Was an Initiate of Gozag.
             Killed from afar by a gargoyle (27 damage)
             ... with a stone arrow
             ... on level 7 of the Dungeon.
             The game lasted 00:45:57 (9474 turns).

jlumianski the Magician (Felid Summoner)            Turns: 9474, Time: 00:45:58

Health: 0/27       AC:  2    Str:  4    XL:     7   Next: 13%
Magic:  0/18       EV: 19    Int: 19    God:    Gozag
Gold:   726        SH:  0    Dex: 16    Spells: 10/19 levels left
                                        Lives:  0   Deaths: 2

rFire    . . .     SeeInvis +     - Unarmed
rCold    . . .     Faith    .   (shield unavailable)
rNeg     . . .     Spirit   .   (armour unavailable)
rPois    .         Reflect  .   (helmet unavailable)
rElec    .         Harm     .   (cloak unavailable)
rCorr    .         Rampage  .   (gloves unavailable)
Will     +....                  (boots unavailable)
Stlth    +++.......             g - amulet of regeneration
HPRegen  0.49/turn              (no ring)
MPRegen  0.16/turn              (no ring)

@: quick
A: very small, no armour, no weapons or thrown items, stealth, claws 1, fangs 3,
see invisible, speed 1, shaggy fur 2, sharp paws
a: Renounce Religion, Potion Petition, Call Merchant, Bribe Branch


You were on level 7 of the Dungeon.
You worshipped Gozag.
Gozag was pleased with you.
You visited 2 branches of the dungeon, and saw 8 of its levels.

You collected 757 gold pieces.
You paid 31 gold pieces to Gozag.

Inventory:

Jewellery
 g - an amulet of regeneration (around neck)
 h - an uncursed amulet of reflection
Wands
 m - a wand of flame (5)
Scrolls
 b - 8 scrolls of identify
 i - 3 scrolls of remove curse
 j - a scroll of acquirement {unknown}
 k - a scroll of magic mapping {unknown}
 l - 2 scrolls of silence
Potions
 a - 2 potions of attraction
 c - a potion of heal wounds
 d - a potion of might
 e - a potion of lignification
 f - a potion of curing


   Skills:
 + Level 4.3 Dodging
 + Level 4.9 Stealth
 + Level 1.0 Unarmed Combat
 + Level 6.8 Spellcasting
 + Level 0.1 Hexes
 + Level 6.6 Summonings


You had 10 spell levels left.
You knew the following spells:

 Your Spells              Type           Power        Failure   Level
a - Summon Small Mammal   Summ           100%         1%          1
b - Call Imp              Summ           31%          1%          2
c - Call Canine Familiar  Summ           31%          1%          3
d - Summon Guardian Gole  Hex/Summ       19%          8%          3

Your spell library contained the following spells:

 Spells                   Type           Power        Failure   Level
 Summon Ice Beast         Ice/Summ       19%          26%         4
 Summon Lightning Spire   Summ/Air       19%          26%         4


Dungeon Overview and Level Annotations

Branches:
Dungeon (7/15)             Temple (1/1) D:4

Altars:
Ashenzari
Cheibriados
Dithmenos
Elyvilon
Fedhas
Gozag
Hepliaklqana
Kikubaaqudgha
Makhleb
Nemelex Xobeh
Okawaru
Qazlal
Ru
Sif Muna
Trog
Uskayaw
Vehumet
Wu Jian
Xom
Yredelemnul
Zin
The Shining One

Annotations:
D:5 exclusion: statue


Innate Abilities, Weirdness & Mutations

You cannot wear armour.
You are incapable of wielding weapons or throwing items.
Your paws allow you to move quietly. (Stealth)
You have sharp claws.
You have razor-sharp teeth.
You have supernaturally acute eyesight. (SInv)
You cover ground quickly.
You are covered in thick fur. (AC +2)
Your sharp claws are effective at attacking unaware monsters.


Message History

The stone arrow misses you.
Your crimson imp blinks!
The gargoyle hurls a stone arrow at you.
The stone arrow misses you.
Your crimson imp disappears in a puff of smoke!
The gargoyle hurls a stone arrow at you.
The stone arrow hits you!!
Ouch! That really hurt!
* * * LOW HITPOINT WARNING * * *
You feel much better.
Aiming: Throw Flame
Press: ? - help, Shift-Dir - straight line, f/p - gargoyle
Aim: a gargoyle, wielding a +0 mace (almost destroyed, 15% to evade)
The puff of flame hits the gargoyle but does no damage.
The gargoyle is almost destroyed.
The gargoyle hurls a stone arrow at you.
The stone arrow hits you!!
Ouch! That really hurt!
You die...
Your body crumbles into a pile of gold.

##......##....## ...# #....#..
#....#####..#..###....#
##.###... .###.#
#.###>##..#...##..# ##.. ## #.#
#.## #.§.§.##...#.## ##.# # #.#
##. ##.§.§.###....####..#
####5.##.#
##.5.95.#...##......##
..##..#..###.....5...#
#.####...
##........#..##......## #.#
#... #.###....####@.....###.##
#.## #.# ##..)#
##..!...##..[###.## ###.#
##..###..........##[.....
##...##
##...#..........###.....)
...#..###...............#
#...###
###.................#...###...#
##..#............####...##..##
##..##......###.### #...#...#
...###..##..# ##.# #.......####


You could see a gargoyle, 2 friendly crimson imps and a friendly white imp
(summoned).

Vanquished Creatures
  A bullfrog (D:7)
  A bullfrog skeleton (D:7)
  An adder (D:3)
  A dart slug (D:1)
  4 leopard geckos
  2 giant cockroaches (D:2)
  A goblin (D:1)
  2 hobgoblins
  A jackal (D:3)
  2 quokkas
  2 bats
  A frilled lizard (D:2)
  A kobold (D:3)
  2 rats
22 creatures vanquished.

Vanquished Creatures (collateral kills)
  Pikel (D:6)
  Edmund (D:4)
  A necrophage (D:5)
  An ice beast (D:5)
  4 ogres
  A centaur (D:7)
  A lemure (D:7)
  4 bullfrogs
  A water moccasin skeleton (D:5)
  3 wights (D:6)
  2 orc priests
  A jelly (D:7)
  A hound (D:6)
  2 bullfrog skeletons
  2 centaur skeletons (D:4)
  4 orc wizards
  2 worker ants (D:6)
  A mummy (D:4)
  A howler monkey skeleton (D:7)
  A gnoll (D:1)
  7 adders
  4 white imps
  2 worms
  A dart slug (D:2)
  4 leopard geckos
  16 orcs
  4 giant cockroaches
  4 goblins
  4 hobgoblins
  10 jackals
  2 ball pythons
  5 bats
  3 frilled lizards
  6 kobolds
  5 rats
112 creatures vanquished.

Grand Total: 134 creatures vanquished

Notes
Turn   | Place    | Note
-------+----------+-------------------------------------------
     0 | D:1      | jlumianski the Felid Summoner began the quest for the Orb.
     0 | D:1      | Reached XP level 1. HP: 7/7 MP: 4/4
   249 | D:1      | Found a broken altar of Ashenzari.
   309 | D:1      | Reached XP level 2. HP: 11/11 MP: 0/6
   422 | D:1      | Learned a level 2 spell: Call Imp
  1066 | D:2      | Reached XP level 3. HP: 5/14 MP: 2/7
  3086 | D:3      | Reached XP level 4. HP: 18/18 MP: 1/9
  3244 | D:3      | Learned a level 3 spell: Call Canine Familiar
  4312 | D:4      | Reached XP level 5. HP: 14/21 MP: 2/10
  4472 | D:4      | Found a staircase to the Ecumenical Temple.
  4481 | Temple   | Entered the Ecumenical Temple
  4599 | Temple   | Became a worshipper of Gozag Ym Sagoz the Greedy
  4912 | D:4      | Found a sand-covered staircase.
  5231 | D:5      | Entered Level 5 of the Dungeon
  5275 | D:5      | Noticed an ice beast
  5282 | D:5      | Noticed Edmund
  5369 | D:4      | Killed Edmund
  5370 | D:4      | Gained mutation: You are covered in thick fur. (AC +2)
                  | [Felid growth]
  5370 | D:4      | Reached XP level 6. HP: 24/24 MP: 1/13
  5614 | D:5      | Killed an ice beast
  5762 | D:5      | Found a radiant altar of Vehumet.
  6079 | D:5      | Reached skill level 5 in Spellcasting
  6865 | D:6      | Reached skill level 5 in Summonings
  6879 | D:6      | Reached XP level 7. HP: 27/27 MP: 5/16
  7049 | D:6      | Found a blossoming altar of Fedhas.
  8022 | D:7      | Reached skill level 1 in Unarmed Combat
  8235 | D:7      | Shot with an arrow by a centaur
  8236 | D:7      | Reached XP level 6. HP: -3/24 MP: 13/16
  8305 | D:7      | Noticed Pikel
  8594 | D:7      | Killed from afar by an orc priest
  8595 | D:7      | Reached XP level 5. HP: -2/21 MP: 9/14
  8914 | D:6      | Reached XP level 6. HP: 16/24 MP: 1/16
  9021 | D:6      | Learned a level 3 spell: Summon Guardian Golem
  9056 | D:6      | Killed Pikel
  9169 | D:7      | Reached XP level 7. HP: 20/27 MP: 4/18
  9419 | D:7      | Noticed a gargoyle
  9474 | D:7      | Killed from afar by a gargoyle

Illustrated notes

Levels and vault maps discovered:
D:1:      giann_forest_graveyard, layout_rooms, ashenzari_altar_1
D:2:      layout_loops_ring
D:3:      layout_basic
D:4:      layout_cave_pools, minmay_temple_entry_arrows,
          gup_ossuary_entry_pyramid, hex_tiny, kennysheep_generic_room_10
D:5:      layout_loops_ring, vehumet_statue, minmay_parallelograms, uniq_edmund
D:6:      layout_loops_ring, basic_altar
D:7:      layout_layer_cave, kennysheep_generic_room_16, uniq_pikel
Temple:   kilobyte_greek_temple

Skill      XL: |  1  2  3  4  5  6  7 |
---------------+----------------------+-----
Stealth        | 3 4 |  4.9
Dodging        | 3 4 |  4.3
Spellcasting   | 3 4 5 6 |  6.8
Summonings     | 6 5 |  6.6
Unarmed Combat | 1 |  1.0
Hexes          | |  0.1

Action                   |  1- 3 |  4- 6 |  7- 9 || total
-------------------------+-------+-------+-------++-------
Melee: Unarmed           |    38 |    47 |    19 ||   104
       Bite              |     4 |     4 |       ||     8
 Cast: Summon Small Mamm |    73 |    65 |    26 ||   164
       Call Imp          |    28 |    50 |    20 ||    98
       Call Canine Famil |       |    34 |    15 ||    49
       Summon Guardian G |       |     2 |     3 ||     5
Evoke: Wand              |       |       |     1 ||     1
  Use: Scroll            |     4 |     6 |     1 ||    11
       Potion            |     4 |     2 |     2 ||     8
 Stab: Sleeping          |     9 |     3 |     2 ||    14
       Distracted        |     1 |       |       ||     1
Armor: Skin              |     6 |     4 |     1 ||    11
Dodge: Dodged            |    68 |    70 |    39 ||   177
